 Dungeon Crawl Stone Soup version 0.30-b1-2-g02819fbbbe (webtiles) character file.

Game seed: 11017879192652637031

137 Alarkh the Insei (level 5, -2/41 HPs)
             Began as a Demonspawn Delver on May 22, 2023.
             Splashed by a jelly's acid (10 damage)
             ... on level 4 of the Dungeon.
             The game lasted 00:01:45 (691 turns).

Alarkh the Insei (Demonspawn Delver)                 Turns: 691, Time: 00:01:46

Health: -2/41      AC:  1    Str: 10 (12) XL:     5   Next: 0%
Magic:  5/5        EV: 10    Int: 17 (19) God:
Gold:   64         SH:  0    Dex: 14 (15) Spells: 4/4 levels left

rFire   . .          .
                       - Unarmed
rCold   . . .        (no shield)
rNeg    . . .        g - +0 ring mail
rPois   .            (no helmet)
rElec   .            (no cloak)
rCorr   .            (no gloves)
SInv    .            (no boots)
Will    .....        (no amulet)
Stlth   ++           i - +6 ring of intelligence
HPRegen 0.26/turn    (no ring)
MPRegen 0.18/turn

%: no passive effects
@: corroded
A: claws 1, magic regeneration
a: no special abilities


You were on level 4 of the Dungeon.
You visited 2 branches of the dungeon, and saw 3 of its levels.

You collected 64 gold pieces.

Inventory:

Armour
 a - a +0 leather armour
 g - a +0 ring mail (worn)
Jewellery
 i - a +6 ring of intelligence (left claw)
Wands
 f - a wand of digging (3)
Scrolls
 b - 2 scrolls of fog
 c - a scroll of magic mapping
 d - a scroll of fear
 e - a scroll of blinking {unknown}
 h - 2 scrolls of identify


   Skills:
 - Level 3.0 Fighting
 - Level 1.7 Dodging
 - Level 4.5 Stealth
 + Level 4.7 Unarmed Combat


You had 4 spell levels left.
You didn't know any spells.
Your spell library contained the following spells:

 Spells                   Type           Power      Damage    Failure   Level
 Summon Small Mammal      Summ           0%         N/A       52%         1
 Call Canine Familiar     Summ           0%         N/A       88%         3
 Summon Guardian Golem    Hex/Summ       0%         N/A       88%         3


Dungeon Overview and Level Annotations

Branches:
Dungeon (5/15)             Temple (1/1) D:5

Altars:
Ashenzari
Dithmenos
Kikubaaqudgha
Makhleb
Nemelex Xobeh
Okawaru
Qazlal
Sif Muna
Trog
Vehumet
Wu Jian
Xom


Innate Abilities, Weirdness & Mutations

You have sharp fingernails.
You regenerate magic rapidly.


Message History

The kobold throws a stone.
The stone hits you but does no damage.
You claw the kobold!
You kill the kobold!
You have reached level 5!
Your demonic ancestry asserts itself...
Your magic begins to regenerate rapidly.
Things that are here:
a +0 dagger; 5 stones; a kobold corpse
j - a smoky dark potion You open the door.
There is an open door here.
h - 2 scrolls of identify (gained 1)
b - 2 scrolls of fog (gained 1)
You open the door.
There is an open door here.
You open the door.
There is an open door here.
You now have 64 gold pieces (gained 15).
You open the door.
There is an open door here.
The jelly quivers.
A jelly is nearby!
You claw the jelly! The acid corrodes you!
Your claws burn!
The jelly is heavily wounded.
The jelly hits you.
You are splashed with acid!
It was a potion of degeneration.
There was something very wrong with that liquid.
You feel weakened.
You feel dopey.
You feel clumsy. The jelly hits you.
You are splashed with acid.
You completely miss the jelly.
The jelly is heavily wounded.
The jelly hits you. The acid corrodes you!
You are splashed with acid.
* * * LOW HITPOINT WARNING * * *
You scratch the jelly but do no damage.
Your claws burn!
* * * LOW HITPOINT WARNING * * *
The jelly is heavily wounded.
The jelly hits you.
* * * LOW HITPOINT WARNING * * *
You are splashed with acid!
You die...

#######################.
.......................
###.......######.....#
#.......'....#.....#
#.......####.#J....#
#.##+#### #.#@....#.
###.##.# #..........
..#.##.# ##...######
..#.##.########.###
..#.##.##....##.#
....##.##.##....#
....##.##.##..###
....##.#.....##
##........##.#


You could see a jelly.

Vanquished Creatures
  A phantom (D:5)
  A hound (D:4)
  An iguana (D:5)
  A dart slug (D:4)
  An endoplasm (D:4)
  A kobold (D:4)
  A quokka (D:5)
7 creatures vanquished.

Notes
Turn   | Place    | Note
-------+----------+-------------------------------------------
     0 | D:5      | Alarkh the Demonspawn Delver began the quest for the Orb.
     0 | D:5      | Reached XP level 1. HP: 18/18 MP: 1/1
    22 | D:5      | Noticed a hound
    89 | D:5      | Noticed an iguana
    98 | D:5      | Killed an iguana
    99 | D:5      | Gained mutation: You have sharp fingernails. [demonic
                  | ancestry]
    99 | D:5      | Reached XP level 2. HP: 11/24 MP: 2/2
   115 | D:5      | Found a staircase to the Ecumenical Temple.
   125 | D:5      | Noticed a phantom
   140 | D:5      | Killed a phantom
   141 | D:5      | Reached XP level 3. HP: 6/29 MP: 3/3
   141 | D:5      | Reached XP level 4. HP: 7/35 MP: 4/4
   145 | Temple   | Entered the Ecumenical Temple
   341 | D:5      | Noticed a black bear
   549 | D:4      | Gained mutation: You regenerate magic rapidly. [demonic
                  | ancestry]
   549 | D:4      | Reached XP level 5. HP: 41/41 MP: 5/5
   691 | D:4      | Splashed by a jelly's acid

Illustrated notes

Levels and vault maps discovered:
D:4:      layout_basic, minmay_misc_feat_five
D:5:      layout_gridville, minmay_temple_entry_mini_moons, serial_shops, shop,
          chequers_garden, corexii_item_surrounded_by_moat
Temple:   hellmonk_temple_of_storms

Skill      XL: |  1  2 |
---------------+-------+-----
Unarmed Combat | 3 4 |  4.7
Fighting       | |  3.0
Dodging        | |  1.7
Stealth        | |  4.5

Action                     |  1- 3 |  4- 6 || total
---------------------------+-------+-------++-------
  Melee: Unarmed           |    14 |    14 ||    28
    Use: Potion            |     2 |     2 ||     4
         Scroll            |     1 |       ||     1
   Stab: Sleeping          |       |     1 ||     1
 Armour: Ring mail         |     1 |    12 ||    13
  Dodge: Dodged            |     3 |    11 ||    14
